 Dungeon Crawl Stone Soup version 0.21.0-24-g2553a33 (webtiles) character file.

86 Inarius the Chiller (level 4, -4/36 HPs)
             Began as a Draconian Ice Elementalist on Jan 19, 2018.
             Slain by Sigmund
             ... wielding a +0 scythe
              (7 damage)
             ... on level 2 of the Dungeon.
             The game lasted 00:02:40 (1260 turns).

Inarius the Chiller (Draconian Ice Elementalist)    Turns: 1260, Time: 00:02:41

Health: -4/36      AC:  5    Str: 15    XL:     4   Next: 27%
Magic:  6/8        EV: 12    Int: 19    God:
Gold:   40         SH:  0    Dex: 11    Spells: 7/8 levels left

rFire    . . .     SeeInvis .   d - +0 short sword
rCold    . . .     Gourm    .   (no shield)
rNeg     . . .     Faith    .   (armour unavailable)
rPois    .         Spirit   .   (helmet restricted)
rElec    .         Reflect  .   (no cloak)
rCorr    .         Harm     .   (no gloves)
MR       .....                  (no boots)
Stlth    ++........             g - amulet of rage
HPRegen  0.12/turn              (no ring)
MPRegen  0.11/turn              (no ring)

@: mighty, flying
A: unfitting armour, blurry vision 1, clever 1, robust 1, cold-blooded, AC +5
a: Evoke Berserk Rage


You were on level 2 of the Dungeon.
You were not hungry.

You visited 1 branch of the dungeon, and saw 2 of its levels.

You collected 40 gold pieces.

Inventory:

Hand Weapons
 d - a +0 short sword (weapon)
Jewellery
 g - an amulet of rage (around neck)
Scrolls
 c - 2 scrolls of teleportation {unknown}
 e - a scroll of noise {unknown}
 j - 3 scrolls of identify {unknown}
 m - a scroll of remove curse {unknown}
 n - a scroll of fog {unknown}
 o - a scroll of blinking {unknown}
Books
 a - a book of Frost

   Spells                             Type                      Level
   a - Freeze                         Ice                          1
   b - Throw Frost                    Conjuration/Ice              2
   c - Ozocubu's Armour               Charms/Ice                   3
   d - Throw Icicle                   Conjuration/Ice              4
   e - Summon Ice Beast               Ice/Summoning                4
Comestibles
 b - 4 rations
 f - 3 chunks of flesh


   Skills:
 + Level 0.1 Fighting
 + Level 0.5 Short Blades
 + Level 2.0 Dodging
 - Level 1.7 Stealth
 + Level 2.9 Spellcasting
   Level 1.0 Conjurations
 * Level 4.2 Ice Magic


You had 7 spell levels left.
You knew the following spells:

 Your Spells              Type           Power        Failure   Level  Hunger
a - Freeze                Ice            ###.         2%          1    None


Dungeon Overview and Level Annotations

Branches:
Dungeon (2/15)

Altars:

Annotations:
D:2 Sigmund


Innate Abilities, Weirdness & Mutations

Your plain brown scales are hard. (AC +5)
You cannot fit into any form of body armour.
You are cold-blooded and may be slowed by cold attacks.
Scrolls take you a little longer to read.
Your mind is acute. (Int +2)
You are robust. (+10% HP)


Message History

You feel less confused. Something barely misses you.
You barely miss something. Something hits you!
* * * LOW HITPOINT WARNING * * *
It was a potion of flight.
You feel very buoyant.
You fly up into the air.
It was a potion of curing.
You feel better.
You hear some strange, mumbled words.
A magic dart appears from out of thin air!
The magic dart hits you!
* * * LOW HITPOINT WARNING * * *
It was a potion of mutation.
You feel extremely strange.
Your vision blurs.
You feel clever.
You feel robust. Something hits you.
* * * LOW HITPOINT WARNING * * *
It was a potion of might.
You feel very mighty all of a sudden. Something hits you!
You die...

## .# .# .#
.########
........##########
.................#
)######.########.#
.# #.# #@# .# #.#
#{# .# #.# #.# <#
#.# ..# .# #.# .##
## #.# #. # #.# #.
# #. #


There were no monsters in sight!

Vanquished Creatures
  Natasha (D:2)
  3 adders (D:2)
  A worm (D:2)
  2 dart slugs
  2 giant cockroaches
  4 hobgoblins
  5 kobolds
  5 bats
  A frilled lizard (D:1)
  5 goblins
  A rat (D:1)
30 creatures vanquished.

Notes
Turn   | Place    | Note
-------+----------+-------------------------------------------
     0 | D:1      | Inarius the Draconian Ice Elementalist began the quest for the Orb.
     0 | D:1      | Reached XP level 1. HP: 14/14 MP: 3/3
   197 | D:1      | Reached XP level 2. HP: 15/20 MP: 5/5
   725 | D:2      | Reached XP level 3. HP: 23/26 MP: 1/6
   852 | D:2      | Noticed Natasha
   860 | D:2      | Killed Natasha
   860 | D:2      | Reached skill level 4 in Ice Magic
   863 | D:2      | Reached XP level 4. HP: 25/33 MP: 0/8
  1245 | D:2      | Noticed Sigmund
  1259 | D:2      | Gained mutation: Scrolls take you a little longer to read. [potion of mutation]
  1259 | D:2      | Gained mutation: Your mind is acute. (Int +2) [potion of mutation]
  1259 | D:2      | Gained mutation: You are robust. (+10% HP) [potion of mutation]
  1260 | D:2      | Slain by Sigmund

Skill      XL: |  1  2  3 |
---------------+----------+-----
Dodging        | 2 |  2.0
Ice Magic      | 4 |  4.2
Fighting       | |  0.1
Short Blades   | |  0.5
Stealth        | |  1.7
Spellcasting   | |  2.9
Conjurations   | |  1.0

Action                   |  1- 3 |  4- 6 || total
-------------------------+-------+-------++-------
Melee: Short sword       |    37 |    10 ||    47
       Tailslap          |     2 |       ||     2
 Cast: Freeze            |    34 |     7 ||    41
  Use: Potion            |       |     5 ||     5
 Stab: Sleeping          |     2 |       ||     2
  Eat: Chunk             |       |     2 ||     2
Armor: Skin              |    13 |     5 ||    18
Dodge: Dodged            |    42 |     8 ||    50
